 Dungeon Crawl Stone Soup version 0.29.0-10-g45618ea6d2 (webtiles) character file.

Game seed: 6234358183951006709

3476 Flugkiller the Cleaver (level 9, -4/82 HPs)
             Began as a Minotaur Fighter on Sept 1, 2022.
             Was an Initiate of Gozag.
             Slain by a hornet (7 damage)
             ... while paralysed by a hornet
             ... on level 8 of the Dungeon.
             The game lasted 00:03:36 (9267 turns).

Flugkiller the Cleaver (Minotaur Fighter)           Turns: 9267, Time: 00:03:37

Health: -4/82      AC: 11    Str: 21    XL:     9   Next: 79%
Magic:  8/8        EV:  2    Int:  5    God:    Gozag
Gold:   412        SH:  0    Dex: 14    Spells: 8/8 levels left

rFire   . . .      SeeInvis .   a - +0 war axe
rCold   . . .      Faith    .   c - +0 buckler
rNeg    . . .      Spirit   .   b - +0 scale mail
rPois   .          Reflect  .   (helmet restricted)
rElec   .          Harm     .   (no cloak)
rCorr   .          Rampage  +   h - +0 pair of gloves
Will    .....                   o - +0 pair of boots {rampage}
Stlth   ..........              (no amulet)
HPRegen 0.23/turn               (no ring)
MPRegen 0.11/turn               (no ring)

@: paralysed, lethally poisoned (-4 -> -15), gold aura, slowed
A: horns 2, retaliatory headbutt
a: Renounce Religion, Potion Petition, Call Merchant, Bribe Branch


You were on level 8 of the Dungeon.
You worshipped Gozag.
Gozag was aware of your devotion.
You visited 2 branches of the dungeon, and saw 9 of its levels.
You also visited: Sewer and Ossuary.

You collected 578 gold pieces.
You paid 166 gold pieces to Gozag.

Inventory:

Hand Weapons
 a - a +0 war axe (weapon)
Armour
 b - a +0 scale mail (worn)
 c - a +0 buckler (worn)
 h - a +0 pair of gloves (worn)
   (You found it on level 5 of the Dungeon)
 o - a +0 pair of boots of rampaging (worn)
   (You found it on level 4 of the Dungeon)
Scrolls
 e - a scroll of enchant weapon
 f - 4 scrolls of enchant armour
 l - a scroll of magic mapping
 n - 2 scrolls of fear
 r - a scroll of identify
 t - 6 scrolls of teleportation
 v - a scroll of immolation
 B - 2 scrolls of vulnerability
 D - a scroll of summoning
Potions
 d - 3 potions of might
 g - 3 potions of ambrosia
 i - 2 potions of attraction {unknown}
 j - 3 potions of cancellation
 k - 4 potions of heal wounds {unknown}
 m - a potion of magic {unknown}
 p - 2 potions of lignification {unknown}
 q - 8 potions of curing
 s - 4 potions of invisibility {unknown}
 u - a potion of brilliance {unknown}
 x - 2 potions of mutation {unknown}
 A - a potion of flight {unknown}
 C - a potion of degeneration {unknown}


   Skills:
 + Level 8.9 Fighting
 * Level 11.8 Axes
 + Level 9.0 Armour
 + Level 3.1 Dodging
 - Level 3.6 Shields


You had 8 spell levels left.
You didn't know any spells.
Your spell library was empty.

Dungeon Overview and Level Annotations

Branches:
Dungeon (8/15)             Temple (1/1) D:5           Sewer (visited)
Ossuary (visited)
   Lair: D:8-11

Altars:
Ashenzari
Cheibriados
Dithmenos
Elyvilon
Fedhas
Gozag
Hepliaklqana
Kikubaaqudgha
Nemelex Xobeh
Qazlal
Ru
Sif Muna
Trog
Uskayaw
Vehumet
Wu Jian
Xom
Yredelemnul
Zin
The Shining One

Annotations:
D:5 2 transporters, nmsoi's ghost, novice MiGl


Innate Abilities, Weirdness & Mutations

You have a pair of horns on your head.
You reflexively headbutt those who attack you in melee.


Message History

A wight comes into view. It is wielding a +1 mace.
The orc wizard hits you but does no damage.
You barely miss the orc wizard. x2
The killer bee buzzes angrily.
The orc wizard barely misses you.
A wight comes into view. It is wielding a +0 scimitar.
A killer bee comes into view.
You closely miss the orc wizard.
The killer bee buzzes angrily.
You slash the orc!
You kill the orc!
You hit the orc wizard.
You hear a shout!
The orc wizard hits you but does no damage.
The orc wizard casts a spell.
The orc wizard flickers and vanishes!
Deactivating autopickup; reactivate with Ctrl-A.
The wight is distracted by your dazzling golden aura.
A wight comes into view. It is wielding a +0 spear.
You slice the orc wizard!!
You kill the orc wizard!
You hit something. You slash the killer bee! You block the killer bee's attack.
Something completely misses you. The killer bee barely misses you.
You furiously retaliate!
You headbutt the killer bee!
You kill the killer bee!
You hit the hornet but do no damage. You miss something. The hornet stings you!
You feel yourself slow down. The hornet stings you.
You are poisoned.
You feel as though you will be slow longer.
The killer bee stings you.
You miss the killer bee. You closely miss the hornet. You hit the orc.
You feel very sick. You block the killer bee's attack. The hornet stings you.
You are more poisoned.
You feel as though you will be slow longer.
The killer bee closely misses you. The hornet barely misses you.
You furiously retaliate!
You headbutt the hornet. You closely miss the orc. You headbutt the orc.
You kill the orc!
You barely miss the killer bee. You hit the hornet but do no damage.
You hit something.
You feel very sick.
The wight is no longer distracted by gold.
The killer bee stings you.
You are more poisoned.
The killer bee poisons you! The killer bee closely misses you.
The killer bee stings you but does no damage.
The hornet stings you but does no damage.
Something hits you but does no damage. The killer bee barely misses you.
The killer bee stings you but does no damage.
The hornet stings you but does no damage.
The wight is distracted by your dazzling golden aura.
You closely miss the hornet.
The hornet is lightly wounded.
You closely miss the killer bee. x2; You hit something.
You feel extremely sick.
The wight is no longer distracted by gold.
The killer bee stings you.
The killer bee is distracted by your dazzling golden aura.
The hornet stings you!
You feel as though you will be slow longer.
The killer bee closely misses you. You furiously retaliate!
You headbutt the killer bee!
You hear some strange, mumbled words.
A puff of flame appears from out of thin air!
The puff of flame misses you.
The puff of flame hits the hornet.
The hornet closely misses you. The killer bee barely misses you.
You furiously retaliate!
You headbutt the killer bee!
You kill the killer bee!
The killer bee buzzes angrily.
Your Armour skill increases to level 9!
You are too injured to fight recklessly!
You are too injured to fight recklessly!
You are too injured to fight recklessly!
You are too injured to fight recklessly!
You are too injured to fight recklessly!
You are too injured to fight recklessly!
You are too injured to fight recklessly!
You are too injured to fight recklessly!
You are too injured to fight recklessly!
You are too injured to fight recklessly!
You are too injured to fight recklessly!
You are too injured to fight recklessly!
You are too injured to fight recklessly!
Unknown command.
The orc attacks as you move away! The orc closely misses you.
You furiously retaliate!
You headbutt the orc!
You kill the orc!
The hornet attacks as you move away! The hornet stings you!
* * * LOW HITPOINT WARNING * * *
You suddenly lose the ability to move!
* * * LOW HITPOINT WARNING * * *
You feel very sick.
You hear some strange, mumbled words.
A puff of flame appears from out of thin air!
The puff of flame hits you!
* * * LOW HITPOINT WARNING * * *
The hornet stings you!
You die...
Your body crumbles into a pile of gold.

# .# ####. #..>
######..###########
..................#
.######...#########.#
..)..#z{@## #.#
......zy## #.#
..[...y$# #.#
.......## #.# ###
....z.. #.###..
....... #.##..#
......$ ###.##.##
....... #......#
....... ##.#.#####


You could see a hornet, a killer bee and 3 wights.

Vanquished Creatures
  Sigmund (D:6)
  A wyvern (D:7)
  A steam dragon (D:7)
  2 water moccasins (D:7)
  2 black bears
  An ice beast (D:6)
  4 ogres
  3 phantoms
  A kobold brigand (D:8)
  A bullfrog (D:7)
  2 necrophages
  2 gnoll sergeants (D:7)
  2 scorpions
  6 water moccasin zombies (Ossuary)
  4 wights (D:7)
  2 killer bees (D:8)
  3 hounds
  2 jellies
  A gnoll bouda (D:7)
  An orc priest (D:4)
  3 orc wizards
  3 iguanas
  2 mummies (Ossuary)
  20 gnolls
  9 adders
  2 white imps
  An ufetubus (D:7)
  9 adder zombies (Ossuary)
  3 worms
  6 dart slugs
  22 orcs
  6 bats
  4 endoplasms
  5 giant cockroaches
  4 hobgoblins
  12 kobolds
  2 quokkas
  6 ball pythons
  2 frilled lizards
  4 gnoll zombies (Ossuary)
  A goblin (D:4)
  4 hobgoblin zombies (Ossuary)
  2 kobold zombies (Ossuary)
  An orc zombie (Ossuary)
  2 rats
177 creatures vanquished.

Vanquished Creatures (others)
  3 gnolls (D:7)
  A hobgoblin (D:3)
4 creatures vanquished.

Grand Total: 181 creatures vanquished

Notes
Turn   | Place    | Note
-------+----------+-------------------------------------------
     0 | D:1      | Flugkiller the Minotaur Fighter began the quest for the
                  | Orb.
     0 | D:1      | Reached XP level 1. HP: 19/19 MP: 0/0
    44 | D:1      | Found a faded altar of an unknown god.
   212 | D:1      | Reached skill level 3 in Axes
   212 | D:1      | Reached XP level 2. HP: 27/27 MP: 1/1
  1375 | D:2      | Reached XP level 3. HP: 25/33 MP: 2/2
  1957 | D:3      | Reached skill level 4 in Axes
  1987 | D:3      | Found a glowing drain.
  1996 | Sewer    | Entered a sewer
  2064 | Sewer    | Reached XP level 4. HP: 31/40 MP: 3/3
  2688 | D:3      | Reached XP level 5. HP: 47/47 MP: 4/4
  2967 | D:4      | Noticed a black bear
  2976 | D:3      | Killed a black bear
  2977 | D:3      | Reached skill level 5 in Fighting
  2977 | D:3      | Reached skill level 5 in Axes
  2977 | D:3      | Reached skill level 5 in Armour
  3158 | D:4      | Found a stormy altar of Qazlal.
  3162 | D:4      | Reached XP level 6. HP: 52/56 MP: 5/5
  3274 | D:4      | Found a blossoming altar of Fedhas.
  3400 | D:4      | Reached skill level 6 in Axes
  3796 | D:4      | Found a shimmering blue altar of Sif Muna.
  4101 | D:5      | Entered Level 5 of the Dungeon
  4109 | D:5      | Reached XP level 7. HP: 43/62 MP: 6/6
  4421 | D:5      | Reached skill level 7 in Axes
  4910 | D:5      | Reached skill level 8 in Axes
  4927 | D:5      | Found a staircase to the Ecumenical Temple.
  5083 | Temple   | Entered the Ecumenical Temple
  5317 | D:5      | Found a transporter.
  5318 | D:5      | Noticed nmsoi's ghost (novice MiGl)
  5349 | D:5      | Found a transporter.
  5665 | D:6      | Reached XP level 8. HP: 62/71 MP: 7/7
  5921 | D:6      | Found a shadowy altar of Dithmenos.
  5925 | D:6      | Reached skill level 9 in Axes
  6105 | D:6      | Noticed Sigmund
  6128 | D:6      | Killed Sigmund
  6176 | D:6      | Found a radiant altar of Vehumet.
  6593 | D:7      | Reached skill level 10 in Axes
  6953 | D:7      | Found a sand-covered staircase.
  6958 | Ossuary  | Entered an ossuary
  7297 | Ossuary  | Reached XP level 9. HP: 58/81 MP: 8/8
  7560 | D:7      | HP: 3/81 [gnoll bouda/+0 whip (7)]
  7678 | D:7      | Reached skill level 1 in Dodging
  7929 | D:7      | Reached skill level 11 in Axes
  8470 | D:7      | Found a basalt altar of Yredelemnul.
  8597 | D:7      | Found an opulent altar of Gozag.
  9032 | D:7      | Became a worshipper of Gozag Ym Sagoz the Greedy
  9108 | D:8      | Identified the +3 leather armour of the Elven Halls {rElec
                  | rPois Int+3 SInv}
  9267 | D:8      | Paralysed by a hornet for 2 turns
  9267 | D:8      | HP: 3/82 [something/puff of flame (7)]
  9267 | D:8      | Slain by a hornet

Illustrated notes

Levels and vault maps discovered:
D:1:      minmay_arrival_nine_rooms, layout_loops_corners,
          ebering_ecumenical_altar_ruins
D:2:      layout_loops_ring, minmay_door_square
D:3:      layout_basic, cheibrodos_sewer_entry_sluice, kennysheep_generic_room_6
D:4:      layout_loops_ring, mainiacjoe_overflow_concentric_impassable,
          mainiacjoe_overflow_paths, overflow_temple_1_default, serial_glass,
          glass_columns_a, glass_columns_b, minmay_checkerbox
D:5:      layout_basic, minmay_temple_entry_waves, gammafunk_ghost_hive
D:6:      layout_loops_ring, mainiacjoe_overflow_surrounded_room,
          mainiacjoe_overflow_24_doors, uniq_sigmund
D:7:      layout_cave_pools, mainiacjoe_overflow_catwalk, amcnicky_altar_gilded,
          enter_ossuary_5, minmay_starry_boxes
D:8:      layout_rooms
Temple:   nicolae_temple_figure_eight

Skill      XL: |  1  2  3  4  5  6  7  8  9 |
---------------+----------------------------+-----
Axes           | 3 4 5 6 8 10 11 | 11.8
Fighting       | 4 5 6 7 8 |  8.9
Armour         | 4 5 6 7 9 |  9.0
Dodging        | 3 |  3.1
Shields        | |  3.6

Action                   |  1- 3 |  4- 6 |  7- 9 || total
-------------------------+-------+-------+-------++-------
Melee: War axe           |    60 |    87 |   329 ||   476
       Headbutt          |     5 |    12 |    71 ||    88
  Use: Scroll            |       |       |    12 ||    12
       Potion            |       |       |     3 ||     3
Armor: Scale mail        |    34 |    29 |   131 ||   194
Dodge: Dodged            |    37 |    43 |   126 ||   206
Block: Buckler           |    24 |    18 |    81 ||   123
